AoeStats
← bullseyes

African Clearing

506092869Analyzed
4v4 RM · 21d ago on Sep 12, 2026· 38m 35s· 8 players
Game mode
Random Map
Map size
Large (8 player)
Population
200
Speed
Normal
Resources
Standard
Victory
Conquest
Starting age
Dark Age
Ending age
Imperial Age
RankedLock teamsTeams togetherTeam positionsShared explorationLock speedFull tech treeHidden civsTurbo modeCheats
Victory
Defeat
🇧🇪 Berbers · Belgium
1543
+13
🇨🇳 Mongols · China
1517
+14
🇺🇸 Spanish · United States
1505
+14
🇹🇼 Burmese · Taiwan
1433
+17
🇫🇷 Wu · France
1610
-21
🇫🇷 Maya · France
1463
-14
🇩🇪 Hindustanis · Germany
1432
-13
🇫🇷 Huns · France
1361
-10
枕上鸳鸯睡红莲
12:10 Loom
13:59 Feudal Age
12:31 Loom
14:40 Loom
15:21 Double-Bit Axe
18:01 Castle Age
15:46 Fishing Lines
17:50 Gold Mining
19:08 Bow Saw
19:56 Gillnets
22:22 Horse Collar
22:49 Fletching
23:34 Bodkin Arrow
24:35 Padded Archer Armor
25:24 Ballistics
27:22 Husbandry
27:33 Bloodlines
28:03 Wheelbarrow
29:24 Leather Archer Armor
29:29 Stone Mining
31:34 Hand Cart
35:22 Imperial Age
35:12 Stone Shaft Mining
35:13 Gold Shaft Mining
35:54 Thumb Ring
36:01 Heavy Plow
36:05 Bracer
37:14 Chemistry
38:05 Parthian Tactics
38:10 Elite Mangudai
39:11 Conscription
MAD
10:28 Loom
13:32 Feudal Age
15:20 Town Watch
18:02 Castle Age
16:07 Stone Mining
17:16 Gold Mining
32:40 Padded Archer Armor
33:50 Bloodlines
40:09 Imperial Age
39:08 Husbandry
AML4554
2:51 Loom
18:08 Feudal Age
bullseyes
13:03 Feudal Age
12:08 Loom
13:35 Loom
13:45 Town Watch
16:40 Castle Age
14:59 Double-Bit Axe
17:31 Bow Saw
20:50 Horse Collar
27:42 Wheelbarrow
28:35 Town Patrol
29:01 Hand Cart
29:01 Fletching
29:12 Padded Archer Armor
30:43 Gold Mining
35:07 Imperial Age
32:58 Leather Archer Armor
33:39 Ballistics
32:59 Treadmill Crane
33:41 Bloodlines
33:31 Husbandry
33:44 Bodkin Arrow
34:16 Heavy Plow
34:20 Kasbah
34:59 Stone Mining
35:48 Gold Shaft Mining
35:54 Bracer
36:56 Chemistry
36:07 Thumb Ring
35:57 Elite Camel Archer
36:58 Conscription
37:27 Ring Archer Armor
37:10 Maghrebi Camels
37:50 Masonry
Tonymontana
7:03 Loom
12:59 Feudal Age
19:21 Castle Age
22:02 Double-Bit Axe
24:29 Horse Collar
24:38 Town Watch
26:57 Bloodlines
27:04 Gold Mining
28:28 Wheelbarrow
28:10 Bow Saw
28:45 Husbandry
29:09 Scale Barding Armor
29:48 Gold Shaft Mining
30:29 Chain Barding Armor
31:24 Forging
32:04 Stone Mining
32:48 Heavy Plow
33:30 Fletching
35:52 Bodkin Arrow
p0n0n0
8:12 Loom
12:56 Feudal Age
16:46 Castle Age
15:32 Double-Bit Axe
18:46 Bow Saw
19:09 Horse Collar
20:31 Heavy Plow
26:14 Fletching
26:43 Bloodlines
26:33 Husbandry
30:42 Scale Barding Armor
31:25 Forging
34:01 Scale Mail Armor
34:36 Iron Casting
34:15 Squires
35:35 Chain Mail Armor
36:24 Chain Mail Armor
36:49 Grand Trunk Road
Frorok
9:44 Loom
13:09 Feudal Age
13:37 Double-Bit Axe
13:37 Horse Collar
22:09 Scale Barding Armor
25:01 Castle Age
23:48 Wheelbarrow
23:52 Forging
24:00 Bloodlines
25:37 Light Cavalry
26:38 Chain Barding Armor
32:02 Fletching
35:10 Bow Saw
35:15 Bodkin Arrow
ccereal
4:03 Loom
16:38 Feudal Age
17:12 Double-Bit Axe
21:10 Fletching
33:51 Castle Age
32:28 Padded Archer Armor
32:36 Horse Collar
33:54 Crossbowman
34:30 Bodkin Arrow
35:02 Bow Saw
Connection lost

Rejoining the realm…

Still unreachable

The connection could not be restored.

Session expired

The server has moved on; the page needs a fresh start.